[Event "ESP-chT Div Honor 2018"]
[Site "Linares"]
[Date "2018.08.12"]
[Round "7"]
[White "Osmak, Iulija"]
[Black "Del Rio De Angelis, Salvador G"]
[Result "1/2-1/2"]
[ECO "A40"]
[WhiteElo "2410"]
[BlackElo "2525"]
[Annotator "ChessBase"]
[PlyCount "110"]
[EventDate "2018.08.06"]
[EventType "team-tourn"]
[EventCountry "ESP"]
[SourceTitle "playchess.com"]
[Source "ChessBase"]
[SourceQuality "1"]
[TimeControl "40/5400+30:1800+30"]

1. d4 e6 2. Bf4 Nf6 3. e3 Be7 4. h3 O-O 5. Nf3 b6 6. Nbd2 c5 7. c3 Bb7 8. Bd3 Nc6 9. O-O Rc8 10. Bh2 d6 11. Qe2 cxd4 12. exd4 Re8 13. Rfe1 Bf8 14. Rad1 Rc7 15. Ne4 Nxe4 16. Bxe4 g6 17. h4 Nb8 18. Bxb7 Rxb7 19. h5 Nd7 20. hxg6 hxg6 21. Bf4 Nf6 22. Ng5 Nh5 23. Bc1 Qc8 24. Rd3 Ng7 25. g4 f6 26. Ne4 Be7 27. Rh3 d5 28. Ng3 Kf7 29. Kg2 Rh8 30. Bh6 Rh7 31. Qf3 b5 32. Ne2 Bd6 33. Reh1 Qd8 34. Bxg7 Rxg7 35. Rh8 Qc7 36. g5 f5 37. Qe3 Rb8 38. R8h7 Rbg8 39. R7h4 Ke7 40. Nf4 Bxf4 41. Rxf4 Kd7 42. Rfh4 Re8 43. Qe2 Kc6 44. a4 a6 45. Ra1 Kb6 46. axb5 axb5 47. Qd2 Kb7 48. Rh6 e5 49. dxe5 Qxe5 50. Rh4 Rc7 51. Qd4 Qxd4 52. Rxd4 Re5 53. Kg3 Rc4 54. Rad1 Kc6 55. f3 Rxd4 1/2-1/2